 Dungeon Crawl Stone Soup version 0.29-a0-266-gf56f883ddd (webtiles) character file.

Game seed: 3796180034998785685

60 spaghetti the Stinger (level 4, -6/27 HPs)
             Began as an Octopode Venom Mage on Mar 6, 2022.
             Killed from afar by an orc wizard (9 damage)
             ... with a magic dart
             ... on level 2 of the Dungeon.
             The game lasted 00:03:12 (1986 turns).

spaghetti the Stinger (Octopode Venom Mage)         Turns: 1986, Time: 00:03:12

Health: -6/27      AC:  1    Str:  7    XL:     4   Next: 6%
Magic:  5/7        EV: 13    Int: 19    God:
Gold:   65         SH:  0    Dex: 12    Spells: 3/7 levels left

rFire   . . .      SeeInvis .   d - +1 short sword {short}
rCold   . . .      Faith    .   (no shield)
rNeg    . . .      Spirit   .   (helmet restricted)
rPois   .          Reflect  .   (no amulet)
rElec   .          Harm     .   (no ring)
rCorr   .          Rampage  .   (no ring)
Will    .....                   (no ring)
Stlth   +++.......              (no ring)
HPRegen 0.09/turn               (no ring)
MPRegen 0.10/turn               (no ring)
                                (no ring)
                                (no ring)

@: invisible
A: almost no armour, amphibious, 8 rings, camouflage 1, gelatinous body 1,
(nimble swimmer 1), tentacles
a: no special abilities


You were on level 2 of the Dungeon.
You visited 1 branch of the dungeon, and saw 2 of its levels.

You collected 65 gold pieces.


Innate Abilities, Weirdness & Mutations

You cannot wear most types of armour.
You are amphibious.
You can wear up to eight rings at the same time.
Your skin changes colour to match your surroundings (Stealth+).
Your rubbery body absorbs attacks. (AC +1, EV +1)
((You are camouflaged when in or above water. (Stealth+)))
You have tentacles for arms and can constrict up to eight enemies at once.


   Skills:
 - Level 2.0 Dodging
 - Level 2.6 Stealth
 - Level 2.0 Spellcasting
 - Level 1.0 Transmutations
 + Level 5.8 Poison Magic


You had 3 spell levels left.
You knew the following spells:

 Your Spells              Type           Power      Damage    Failure   Level
a - Sting                 Tmut/Pois      56%        1d5       4%          1
b - Mephitic Cloud        Conj/Pois/Air  9%         N/A       22%         3

Your spell library contained the following spells:

 Spells                   Type           Power      Damage    Failure   Level
 Poisonous Vapours        Pois/Air       26%        N/A       8%          2
 Olgreb's Toxic Radiance  Pois           24%        N/A       16%         4

Inventory:

Hand Weapons
 c - a +0 club {mace}
   (You took it off a goblin on level 1 of the Dungeon)
 d - a +1 short sword (weapon) {short}
   (You took it off a kobold on level 1 of the Dungeon)
Missiles
 f - 95 stones {throwing}
 g - 6 poisoned darts {throwing}
Scrolls
 h - a scroll of identify {unknown}
 k - a scroll of noise {unknown}
Potions
 a - a potion of magic
 b - a potion of invisibility
 e - a potion of degeneration {unknown}
 i - a potion of curing {unknown}
 j - a potion of might {unknown}

Dungeon Overview and Level Annotations

Branches:
Dungeon (2/15)

Altars:

Shops:
D:2 (((=

#......# #..#.#.# ##..∩..#
###.### #...#
######################
###.#†####.....................
#..............################
#######.#......####....###
#####...>...@oo.))...... ..
#........)...####.#...## #.
###+##.....###.# .# .# #.#
#......#....##.# .# ..
#...........#... .# #.#
#......#....##... .# #..
#[...........+.... .# ..#####.
########...###....### #.......
##### ######.


You could see an orc wizard (can't see you, poisoned) and an orc (can't see you,
poisoned).


Message History

No target in view!
No target in view!
No target in view!
You see here a ball python corpse.
There is an entrance to Xuameewe's Antique Weapon Boutique here.
You can access your shopping list by pressing '$'.
You see here a ball python corpse.
There is a stone staircase leading down here.
You open the door. 3 orcs come into view.
There are monsters nearby!
There are monsters nearby!
An orc comes into view. It is wielding a +0 dagger.
There is an open door here.
The orc shouts! x3; You hear a shout!
An orc wizard comes into view. It is wielding a +0 dagger.
You hit the orc. Your grab misses the orc.
The orc hits you with a +0 short sword. 😕 HP[-4]
You take 4 damage, and now have 17/21 hp.
You closely miss the orc. You grab the orc. You squeeze the orc.
You kill the orc!
You have reached level 4! 😕 HP[+6] MP[+1]
You now have 27 max hp (+6).
You regained 6 hp, and now have 23/27 hp.
Your mp is fully restored (7).
The orc hits you with a +0 mace.
Things that are here:
a +0 short sword {short}; an orc corpse; 😮 HP[-4]
You take 4 damage, and now have 19/27 hp.
You are too injured to fight recklessly!
You are too injured to fight recklessly!
You are too injured to fight recklessly!
You are too injured to fight recklessly!
You are too injured to fight recklessly!
You are too injured to fight recklessly!
You are too injured to fight recklessly!
You are too injured to fight recklessly!
You are too injured to fight recklessly!
You are too injured to fight recklessly!
You are too injured to fight recklessly!
You are too injured to fight recklessly!
You are too injured to fight recklessly!
Unknown command.
It was a potion of invisibility.
You fade into invisibility!
The orc closely misses you. The orc hits you with a +0 whip.
* * * LOW HITPOINT WARNING * * *
The orc barely misses you. 😨 HP[-6]
You take 6 damage, and now have 13/27 hp.
MASSIVE DAMAGE!! (PAUSE)
You barely miss the orc. Your grab misses the orc.
The orc hits you with a +0 dagger.
* * * LOW HITPOINT WARNING * * *
The orc hits you with a +0 whip.
* * * LOW HITPOINT WARNING * * *
The orc closely misses you.
The orc wizard gestures at the orc while chanting.
The orc appears confused.
The orc shouts! 😱 HP[-7]
You take 7 damage, and now have 6/27 hp.
MASSIVE DAMAGE!! (PAUSE)
The orc throws a boomerang.
The boomerang hits the orc.
The orc hits itself with a +0 mace!
The orc dies!
There is an open door here.
You hit the orc. You grab the orc. You constrict the orc.
The orc struggles to escape constriction.
The orc wizard shouts!
You hit the orc. You squeeze the orc.
You kill the orc!
You aren't carrying any items that you can evoke.
Okay, then.
Aiming: Sting (safe; 4% risk of failure)
Press: ? - help, Q - select action, (/) - cycle Shift-Dir - straight line, f - orc wizard
Aim: an orc wizard, wielding a +0 dagger and wearing a +0 robe (wandering, can't see you, hasn't noticed you, 64% to hit)
The sting hits the orc wizard.
The orc wizard is poisoned. 😨 HP[+1] MP[-1]
You lost 1 mp, and now have 6/7 mp.
Aiming: Sting (safe; 4% risk of failure)
Press: ? - help, Q - select action, (/) - cycle Shift-Dir - straight line, f/p - orc wizard
Aim: an orc wizard, wielding a +0 dagger and wearing a +0 robe (moderately wounded, can't see you, poisoned, 64% to hit)
The sting misses the orc wizard.
The sting hits the orc.
The orc is poisoned.
The orc wizard hits you with a +0 dagger.
* * * LOW HITPOINT WARNING * * *
😱 HP[-4] MP[-1]
You take 4 damage, and now have 3/27 hp.
You lost 1 mp, and now have 5/7 mp.
You barely miss the orc wizard. You grab the orc wizard.
You constrict the orc wizard, but do no damage.
The orc wizard barely misses you.
You hit the orc wizard. You constrict the orc wizard.
The orc wizard struggles to escape constriction.
You hit the orc wizard. You constrict the orc wizard.
The orc wizard casts a spell at you. The magic dart hits you!
You die...

Skill      XL: |  1  2 |
---------------+-------+-----
Poison Magic   | 4 5 |  5.8
Dodging        | |  2.0
Stealth        | |  2.6
Spellcasting   | |  2.0
Transmutations | |  1.0

Action                   |  1- 3 |  4- 6 || total
-------------------------+-------+-------++-------
Melee: Short sword       |    15 |     6 ||    21
       Constrict         |     4 |     2 ||     6
       Unarmed           |     1 |       ||     1
       Tentacles         |     3 |     1 ||     4
 Cast: Sting             |    39 |     2 ||    41
  Use: Scroll            |     2 |       ||     2
       Potion            |       |     1 ||     1
 Stab: Sleeping          |     1 |       ||     1
Armor: Skin              |     2 |       ||     2
Dodge: Dodged            |    24 |     4 ||    28

Levels and vault maps discovered:
D:1:      dpeg_arrival_connections, layout_basic,
          shapermc_ecumenical_altar_mp_vishouse
D:2:      layout_basic, serial_shops, shop, nicolae_diamond_shop,
          nicolae_shop_crystal, shop, kennysheep_generic_room_15

Notes
Turn   | Place    | Note
-------+----------+-------------------------------------------
     0 | D:1      | spaghetti the Octopode Venom Mage began the quest for the
                  | Orb.
     0 | D:1      | Reached XP level 1. HP: 11/11 MP: 3/3
     0 | D:1      | magus.rc [v1.9.6]
   261 | D:1      | Reached skill level 4 in Poison Magic
   350 | D:1      | Reached XP level 2. HP: 17/17 MP: 1/5
   410 | D:1      | Found a faded altar of an unknown god.
  1245 | D:2      | Found Quprenti's Weapon Boutique.
  1355 | D:2      | Reached skill level 5 in Poison Magic
  1355 | D:2      | Reached XP level 3. HP: 8/21 MP: 1/6
  1500 | D:2      | Learned a level 3 spell: Mephitic Cloud
  1771 | D:2      | Found Vinoudoa's Weapon Boutique.
  1856 | D:2      | Found Womops's Jewellery Emporium.
  1942 | D:2      | Found Xuameewe's Antique Weapon Boutique.
  1973 | D:2      | Reached XP level 4. HP: 23/27 MP: 7/7
  1975 | D:2      | HP: 6/27 [orc/+0 whip (5)]
  1983 | D:2      | HP: 3/27 [orc wizard/+0 dagger (4)]
  1986 | D:2      | Killed from afar by an orc wizard

Vanquished Creatures
  A hound (D:2)
  2 orcs (D:2)
  5 endoplasms
  A giant cockroach (D:1)
  2 goblins (D:1)
  2 jackals (D:2)
  2 quokkas (D:1)
  5 ball pythons
  A bat (D:1)
  3 frilled lizards (D:1)
  3 kobolds
  A rat (D:1)
28 creatures vanquished.

Vanquished Creatures (others)
  An orc (D:2)
1 creature vanquished.

Grand Total: 29 creatures vanquished

Table legend:
 A = Non-vault XP
 B = Vault XP
 C = Vault XP percentage of total XP
 D = Non-vault monster count
 E = Vault monster count
 F = Vault count percentage of total count
                 A         B        C        D         E       F
            +---------+---------+-------+---------+---------+-------
      Total |      83 |       4 |   4.6 |      26 |       2 |   7.1
            +---------+---------+-------+---------+---------+-------
        D:1 |      23 |       0 |   0.0 |      15 |       0 |   0.0
        D:2 |      60 |       4 |   6.2 |      11 |       2 |  15.4
            +---------+---------+-------+---------+---------+-------

Illustrated notes

Table legend:
 A = Kills in this place as a percentage of kills in entire the game.
 B = Kills by you in this place as a percentage of kills by you in the entire game.
 C = Kills by friends in this place as a percentage of kills by friends in the entire game.
 D = Other kills in this place as a percentage of other kills in the entire game.
 E = Experience gained in this place as a percentage of experience gained in the entire game.
 F = Experience gained in this place divided by the number of levels of this place that you have seen.
                   A       B       C       D       E      F
               +-------+-------+-------+-------+-------+----------------------
         Total | 100.0 | 100.0 |   N/A |   N/A | 100.0 |  43.5
       Dungeon | 100.0 | 100.0 |   N/A |   N/A | 100.0 |  43.5
               +-------+-------+-------+-------+-------+----------------------

Table legend: (Time is in decaauts)
 A = Elapsed time spent in this place.
 B = Non-inter-level travel time spent in this place.
 C = Inter-level travel time spent in this place.
 D = Time resting spent in this place.
 E = Time spent auto-exploring this place.
 F = Levels seen in this place.
 G = Mean time per level.
                   A        B        C        D        E       F      G
               +--------+--------+--------+--------+--------+-----+--------+
         Total |   1987 |   1964 |     23 |    108 |   1646 |   2 |  993.5 |
       Dungeon |   1987 |   1964 |     23 |    108 |   1646 |   2 |  993.5 |
               +--------+--------+--------+--------+--------+-----+--------+

Top non-repeatable levels by time:
     D:1: 1219 daAuts
     D:2: 767 daAuts
